 Dungeon Crawl Stone Soup version 0.19.4-10-g532645f (webtiles) character file.

58 Kosschaser the Skirmisher (level 3, -1/45 HPs)
             Began as a Demonspawn Chaos Knight on Feb 24, 2017.
             Slain by a crimson imp (2 damage)
             ... summoned by Natasha
             ... on level 2 of the Dungeon.
             The game lasted 00:04:47 (1256 turns).

Kosschaser the Skirmisher (Demonspawn Chaos Knight) Turns: 1256, Time: 00:04:53

Health: -1/45      AC: 21    Str: 13    XL:     3   Next: 75%
Magic:  3/3        EV:  2    Int: 13    God:    Xom [..*...]
Gold:   58         SH:  0    Dex: 12    Spells: 0 memorised, 2 levels left

rFire  . . .     SeeInvis .     a - +1 falchion (chaos)
rCold  . . .     Gourm    .     (armour currently unavailable)
rNeg   + + +     Faith    .     (no shield)
rPois  +         Spirit   .     (helmet currently unavailable)
rElec  .         Reflect  .     (cloak currently unavailable)
rCorr  .         Harm     .     (gloves currently unavailable)
MR     .....     NoTele   +     (boots currently unavailable)
Stlth  ++........               (no amulet)
                                (no ring)
                                (no ring)

@: tree-form
A: rugged brown scales 1, nightstalker 1
a: Renounce Religion


You were on level 2 of the Dungeon.
You worshipped Xom.
You were a toy of Xom.
You were very hungry.
You were a tree.
You visited 1 branch of the dungeon, and saw 2 of its levels.

You collected 58 gold pieces.

Inventory:

Hand Weapons
 a - a +1 falchion of chaos (weapon)
Armour
 b - a +2 leather armour (melded)
Scrolls
 e - a scroll of noise {unknown}
 f - a scroll of immolation {unknown}
 k - a scroll of enchant armour {unknown}
Potions
 g - a potion of degeneration {unknown}
 i - a potion of magic {unknown}
 l - a potion of agility {unknown}
Comestibles
 c - a bread ration
 d - a meat ration


   Skills:
 + Level 3.7 Fighting
 + Level 3.4 Long Blades
 + Level 2.0 Armour
 + Level 1.3 Dodging


You had 2 spell levels left.
You didn't know any spells.

Dungeon Overview and Level Annotations

Branches:
Dungeon (2/15)

Altars:

Annotations:
D:2 Natasha


Innate Abilities, Weirdness & Mutations

(You are partially covered in rugged brown scales. (AC +1, +3% HP))
You are slightly more attuned to the shadows.


Message History

Something claws you.
* * * LOW HITPOINT WARNING * * *
The crimson imp hits you but does no damage.
The crimson imp misses you.
You riposte.
You hit the crimson imp.
The crimson imp is heavily wounded.
You miss something. Something claws you but does no damage.
The crimson imp hits you but does no damage.
The crimson imp shouts, "Take thy face hence, thou pox-marked saucy serf!"
The crimson imp barely misses you.
You riposte.
You completely miss the crimson imp.
The crimson imp is heavily wounded.
Something claws you.
* * * LOW HITPOINT WARNING * * *
It was a potion of lignification.
You turn into a tree.
Your +2 leather armour melds into your body.
Your roots penetrate the ground.
The crimson imp shouts, "Give up, thou euchred weeb-spouting zombie-fodder!"
The crimson imp hits you.
You die...
Xom chortles!

#.# #..
.###.# ....##
##...##
##.....##
#.#...÷)..##
#.....<5...#
.......5♣...+
##......{...#
...#.......##
## ##.....##
##...## ##'##
#.


You could see 2 crimson imps.

Vanquished Creatures
  Natasha (D:2)
  An adder (D:2)
  A leopard gecko (D:1)
  A giant cockroach (D:1)
  4 goblins (D:1)
  6 hobgoblins
  2 bats (D:1)
  3 frilled lizards (D:1)
  A kobold (D:1)
  A rat (D:1)
21 creatures vanquished.

Notes
Turn   | Place    | Note
-------+----------+-------------------------------------------
     0 | D:1      | Kosschaser the Demonspawn Chaos Knight began the quest for the Orb.
     0 | D:1      | Reached XP level 1. HP: 18/18 MP: 1/1
    53 | D:1      | Reached skill level 1 in Dodging
   275 | D:1      | Gained mutation: You are partially covered in rugged brown scales. (AC +1, +3% HP) [demonic ancestry]
   275 | D:1      | Reached XP level 2. HP: 18/24 MP: 2/2
   421 | D:1      | XOM: divination: magic mapping
   690 | D:1      | XOM: potion effect (haste)
   834 | D:2      | Noticed Natasha
   834 | D:2      | XOM: noise
   841 | D:2      | XOM: cast spell 'Spider Form'
   842 | D:2      | Killed Natasha
   842 | D:2      | Gained mutation: You are slightly more attuned to the shadows. [demonic ancestry]
   842 | D:2      | Reached XP level 3. HP: 18/30 MP: 3/3
   851 | D:2      | HP: 1/30 [hobgoblin/club (2)]
   865 | D:2      | Noticed Natasha
  1016 | D:1      | XOM: mild Tloc miscast
  1255 | D:2      | HP: 1/30 [something (1)]
  1256 | D:2      | Slain by a crimson imp

Skill      XL: |  1  2 |
---------------+-------+-----
Dodging        | 1 |  1.3
Long Blades    | 3 |  3.4
Armour         | 2 |  2.0
Fighting       | |  3.7

Action                   || total
-------------------------++-------
Melee: Falchion          ||    65
       Unarmed           ||     9
  Use: Potion            ||     5
       Scroll            ||     1
Armor: Leather armour    ||    33
Dodge: Dodged            ||    76
       Rpst.: Falchion   ||    22
